Map: Ascension to Aiur LE

Players

lllllllllll (sOs)

  • Race: Protoss Protoss
  • League: Grandmaster
  • Spawn Location: 5:00

Dark - Winner!

  • Race: Zerg Zerg
  • League: Master
  • Spawn Location: 11:00

VOD

Have the link to the VOD?

Description

Time

  • Played on: Dec. 22, 2017, 4:05 a.m.
  • Length: 6:29
Show
View Real Time Build Order
Export as new Build Order

lllllllllll Protoss 

Build Orders: 1 Gate Expand 

Get SALT Encoding   

  12  0:00  Probe  
  13  0:12  Probe  
  14  0:18  Pylon  
  14  0:24  Probe (Chrono Boost)  
  15  0:37  Probe (Chrono Boost)  
  16  0:43  Gateway  
  16  0:46  Probe (Chrono Boost)  
  17  0:51  Assimilator, Probe  
  18  1:03  Probe  
  19  1:15  Probe  
  20  1:24  Nexus  
  20  1:34  Cybernetics Core  
  20  1:37  Probe  
  21  1:43  Assimilator  
  21  1:50  Probe  
  21  1:52  Pylon  
  22  2:02  Probe  
  23  2:08  Adept (Chrono Boost)  
  23  2:10  Warp Gate  
  23  2:14  Probe  
  26  2:21  Twilight Council  
  26  2:26  Probe  
  26  2:29  Stalker  
  29  2:37  Probe (Chrono Boost)  
  29  2:44  Probe (Chrono Boost)  
  31  2:47  Probe (Chrono Boost)  
  33  2:51  Probe (Chrono Boost)  
  33  2:52  Probe (Chrono Boost)  
  33  2:57  Resonating Glaives  
  34  3:02  Adept  
  34  3:04  Probe x2  
  36  3:16  Probe x2  
  38  3:21  Gateway x2  
  38  3:28  Probe (Chrono Boost)  
  38  3:29  Probe (Chrono Boost)  
  38  3:32  Robotics Facility  
  40  3:35  Adept  
  40  3:40  Probe (Chrono Boost)  
  44  3:43  Pylon  
  44  3:45  Probe (Chrono Boost)  
  44  3:47  Probe (Chrono Boost)  
  45  3:49  Pylon  
  45  3:52  Probe  
  46  3:56  Pylon  
  46  4:01  Probe  
  46  4:02  Assimilator  
  47  4:04  Probe  
  47  4:06  Assimilator  
  48  4:15  Probe  
  48  4:16  Adept x3  
  55  4:18  Probe  
  56  4:25  Warp Prism (Chrono Boost)  
  56  4:26  Templar Archives  
  56  4:30  Probe  
  59  4:34  Probe  
  59  4:38  Pylon  
  60  4:42  Psionic Storm  
  60  4:49  Probe  
  60  4:50  Probe  
  60  5:03  Probe x2  
  60  5:06  Adept  
  60  5:07  Adept  
  60  5:08  Adept  
  62  5:17  Gateway x2  
  62  5:20  Gateway  
  60  5:29  Probe x2  
  60  5:31  Zealot  
  60  5:36  High Templar x2  
  62  5:43  Probe, Shield Battery  
  62  5:44  Probe  
  62  5:46  Forge  
  62  5:47  Forge  
  64  5:55  Adept  
  60  6:13  Adept x2  
Show
View Real Time Build Order
Export as new Build Order

Dark Zerg - Winner!

Build Orders: Hatch First 

Get SALT Encoding   

  12  0:00  Drone  
  13  0:12  Overlord  
  13  0:17  Drone  
  14  0:30  Drone x2  
  16  0:37  Drone  
  17  0:50  Hatchery  
  17  0:55  Drone  
  17  0:57  Drone  
  18  1:09  Extractor  
  17  1:14  Spawning Pool  
  17  1:17  Drone  
  17  1:20  Drone  
  18  1:28  Drone  
  19  1:38  Drone  
  20  1:49  Hatchery  
  20  1:53  Drone  
  20  2:03  Queen  
  20  2:06  Drone  
  23  2:13  Drone  
  23  2:14  Metabolic Boost  
  24  2:18  Drone  
  25  2:24  Overlord  
  25  2:27  Drone  
  26  2:31  Drone  
  26  2:33  Zergling x2  
  28  2:42  Queen  
  30  2:44  Zergling x2  
  30  2:45  Zergling x2  
  32  2:54  Overlord  
  32  2:56  Drone x2  
  34  3:05  Queen  
  34  3:06  Drone x2  
  34  3:11  Drone x2  
  34  3:12  Drone x2  
  41  3:14  Drone  
  41  3:16  Drone  
  43  3:24  Overlord  
  43  3:25  Overlord  
  43  3:41  Evolution Chamber  
  43  3:43  Drone x3  
  43  3:44  Drone x3  
  43  3:46  Queen  
  50  3:51  Baneling Nest  
  50  3:52  Drone x2  
  51  3:57  Drone  
  51  3:58  Drone  
  51  3:59  Zergling x4  
  51  4:00  Drone  
  56  4:03  Drone  
  56  4:06  Drone  
  56  4:09  Zerg Melee Weapons Level 1  
  58  4:11  Zergling x2, Extractor  
  58  4:15  Overlord  
  57  4:26  Overlord x2  
  57  4:33  Zergling x16  
  57  4:34  Baneling x2  
  57  4:35  Baneling x2  
  57  4:38  Overlord  
  65  4:42  Baneling  
  65  4:46  Zergling x6  
  65  4:56  Zergling x14  
  72  5:04  Drone  
  72  5:06  Drone x2  
  70  5:13  Spore Crawler  
  69  5:14  Spore Crawler x2  
  69  5:15  Lair  
  69  5:17  Roach Warren  
  69  5:19  Zergling x4  
  69  5:20  Zergling x2, Drone x3  
  71  5:22  Drone x2  
  71  5:27  Zergling x4  
  69  5:38  Zergling x4  
  69  5:41  Drone x2  
  72  5:45  Hatchery  
  72  5:48  Extractor x2  
  72  5:49  Drone x2  
  71  5:50  Hatchery  
  71  5:51  Drone  
  71  6:06  Roach x6  
  71  6:07  Roach  
  71  6:09  Roach x2  
Tags
 
Add a new tag
Caveats
  • Supply blocks, unpowered buildings, or Contaminate may cause inaccurate times.
  • Supply counts are checked every 10 seconds.